Map: Fracture LE

Players

Odin - Winner!

  • Race: Zerg Zerg
  • League: Gold
  • Spawn Location: 5:00

Shadowblitz

  • Race: Zerg Zerg
  • League: Gold
  • Spawn Location: 11:00

VOD

Have the link to the VOD?

Description

Time

  • Played on: Aug. 18, 2018, 5:50 a.m.
  • Length: 6:16
Show
View Real Time Build Order
Export as new Build Order

Odin Zerg - Winner!

Build Orders: Pool First 

Get SALT Encoding   

  12  0:08  Drone  
  12  0:13  Overlord  
  13  0:20  Drone  
  14  0:36  Spawning Pool  
  14  0:42  Drone  
  14  0:43  Drone  
  14  0:46  Drone  
  16  0:58  Drone  
  16  1:01  Extractor  
  16  1:11  Drone  
  17  1:18  Drone  
  18  1:33  Queen  
  18  1:36  Hatchery  
  19  1:44  Drone x2  
  21  1:48  Overlord  
  21  2:02  Zergling x2  
  22  2:21  Queen  
  24  2:42  Zergling x6  
  27  2:46  Zergling x6  
  30  2:57  Drone  
  31  3:07  Spine Crawler  
  29  3:21  Metabolic Boost  
  29  3:26  Lair  
  29  3:31  Overlord x6  
  29  4:04  Roach Warren  
  28  4:13  Drone x7  
  28  4:14  Drone x2, Queen  
  39  4:55  Queen x2  
  39  4:57  Drone x3  
  39  4:58  Drone x7  
  53  5:02  Extractor  
  52  5:21  Extractor  
  52  5:23  Extractor  
  50  5:34  Hatchery  
  46  5:45  Roach x7  
  46  5:46  Roach x4  
Show
View Real Time Build Order
Export as new Build Order

Shadowblitz Zerg 

Build Orders: Pool First 

Get SALT Encoding   

  12  0:01  Drone  
  13  0:11  Drone  
  14  0:16  Overlord  
  14  0:34  Drone  
  14  0:35  Drone x2  
  17  0:51  Spawning Pool  
  17  0:53  Drone, Extractor  
  16  1:09  Drone x2  
  18  1:21  Hatchery  
  17  1:31  Drone x2  
  19  1:43  Zergling x2  
  19  1:45  Queen  
  22  1:52  Overlord  
  22  2:10  Metabolic Boost  
  22  2:24  Zergling x2  
  22  2:25  Zergling x4  
  25  2:34  Drone, Queen  
  28  2:39  Queen  
  30  2:49  Drone  
  31  3:01  Drone  
  31  3:24  Drone x2  
  31  3:25  Spine Crawler  
  32  3:33  Overlord  
  32  3:38  Drone  
  32  3:39  Baneling Nest  
  32  3:42  Overlord  
  32  3:53  Zergling x6  
  35  3:56  Overlord  
  35  4:00  Queen  
  35  4:02  Drone x5  
  42  4:10  Roach Warren  
  42  4:13  Lair  
  42  4:16  Drone x2  
  43  4:17  Extractor  
  43  4:20  Drone  
  43  4:25  Baneling  
  43  4:30  Baneling  
  43  4:33  Drone x2  
  45  4:50  Drone x2  
  45  4:51  Drone  
  48  5:07  Hatchery  
  48  5:10  Drone x2  
  48  5:11  Drone x3  
  48  5:13  Extractor  
  51  5:14  Overlord x2  
  51  5:34  Baneling  
  50  5:35  Baneling  
  50  5:36  Zergling x8  
  54  5:49  Drone  
Tags
 
League
GoldGold
Matchup
ZvZ
Race
Zerg
Spawn Locations
Cross Positions
Add a new tag
Caveats
  • Supply blocks, unpowered buildings, or Contaminate may cause inaccurate times.
  • Supply counts are checked every 10 seconds.